cohdb
Replays
Latest Replays
All Replays
Popular Replays
Top Player Replays
Match Explorer
How It Works
Community
CoH3 Stats
Reddit
Sign in to upload your games and track your stats! →
Sign in with Steam
Match 46903188
Unlisted
Match 46903188
Overview
Messages
Build Orders
End
Scout Squad
Selects Airborne Battlegroup
Selects Pathfinders
Pathfinder Squad
Construct Weapon Support Center
Bazooka Squad
M1919 Machine Gun Team
Selects Paratrooper Squad Paradrop
M1919 Machine Gun Team
M1919 Machine Gun Team
Paratrooper Squad Paradrop
Mechanized Support Center
Construct Motor Pool
Selects Anti-tank Gun Team Paradrop
General Winter
NotQuiteAKing
0
0
Comments
sign in to comment!
No comments posted yet!